 Dungeon Crawl Stone Soup version 0.30-a0-371-gad7725a93e (webtiles) character file.

Game seed: 2557137702900924588

349 purpskrrrp the Covert (level 6, 0/30 HPs)
             Began as a Vampire Brigand on Nov 22, 2022.
             Was a Follower of Wu Jian.
             Slain by a quasit (1 damage)
             ... in a sewer.
             The game lasted 00:16:43 (4113 turns).

purpskrrrp the Covert (Vampire Brigand)             Turns: 4113, Time: 00:16:44

Health: 0/30       AC:  4    Str: 10    XL:     6   Next: 33%
Magic:  6/6        EV:  2    Int: 14    God:    Wu Jian [*.....]
Gold:   171        SH:  0    Dex: -9 (17) Spells: 5/5 levels left

rFire   x . .      SeeInvis +    h - +1 dagger (speed)
rCold   + + .      Faith    .    (no shield)
rNeg    + + +      Spirit   .    b - +0 robe
rPois   ∞          Reflect  .    (no helmet)
rElec   .          Harm     .    c - +0 cloak
rCorr   .          Rampage  .    p - +0 pair of gloves
Will    .....                    (no boots)
Stlth   ..........               (no amulet)
HPRegen 0.00/turn                o - ring of flight
MPRegen 0.10/turn                (no ring)

@: flying, bloodless, inhibited regen, slowed, lost dexterity, very slow
A: bloodless, fangs 3, see invisible, vampiric 2, frail 1, heat vulnerability 1,
MP-powered wands
a: Bat Form, Revivify, Renounce Religion


You were in a sewer.
You worshipped Wu Jian.
Wu Jian was aware of your devotion.
You visited 1 branch of the dungeon, and saw 4 of its levels.
You also visited: Sewer.

You collected 171 gold pieces.

Inventory:

Hand Weapons
 a - a +2 dagger
 h - a +1 dagger of speed (weapon)
 k - a +1 vampiric dagger
Missiles
 d - 29 poisoned darts
Armour
 b - a +0 robe (worn)
 c - a +0 cloak (worn)
 p - a +0 pair of gloves (worn)
Jewellery
 g - a ring of poison resistance
 o - a ring of flight (left hand)
Scrolls
 f - a scroll of noise
 j - 3 scrolls of amnesia
Potions
 i - a potion of degeneration {unknown}
 m - a potion of ambrosia


   Skills:
 - Level 1.7 Fighting
 + Level 4.1 Short Blades
 - Level 1.5 Throwing
 + Level 3.5 Dodging
 * Level 9.3 Stealth


You had 5 spell levels left.
You didn't know any spells.
Your spell library contained the following spells:

 Spells                   Type           Power      Damage    Failure   Level
 Foxfire                  Conj/Fire      0%         2x1d4     28%         1
 Ensorcelled Hibernation  Hex/Ice        0%         N/A       41%         2
 Passwall                 Tmut/Erth      0%         N/A       41%         2
 Ozocubu's Armour         Ice            0%         N/A       65%         3
 Swiftness                Air            0%         N/A       65%         3
 Leda's Liquefaction      Hex/Erth       0%         N/A       96%         4
 Fireball                 Conj/Fire      0%         3d3       100%        5
 Lee's Rapid Deconstruct  Erth           0%         3d4*      100%        5
 Metabolic Englaciation   Hex/Ice        0%         N/A       100%        5
 Simulacrum               Ice/Necr       0%         N/A       100%        6
 Starburst                Conj/Fire      0%         6d3       100%        6
 Statue Form              Tmut/Erth      0%         N/A       100%        6


Dungeon Overview and Level Annotations

Branches:
Dungeon (4/15)              Sewer (1/1)
 Temple: D:4-7

Altars:
Dithmenos
Nemelex Xobeh
Wu Jian

Annotations:
D:4 Ijyb Sewer Grinder


Innate Abilities, Weirdness & Mutations

You do not regenerate when monsters are visible.
You are frail without blood (-20% HP).
You can heal yourself when you bite living creatures.
You are immune to poison.
You have razor-sharp teeth.
You have supernaturally acute eyesight. (SInv)
You are afflicted with vampirism and can become a bat while bloodless.
You are frail. (-10% HP)
You are vulnerable to heat. (rF-)
You expend magic power (3 MP) to strengthen your wands.


Message History

You closely miss the quasit.
The quasit is lightly wounded.
You hit the quasit but do no damage.
The quasit is lightly wounded.
The quasit bites you.
You feel clumsy.
The quasit claws you but does no damage. x2
The quasit bites you but does no damage.
The quasit claws you but does no damage. x2
The quasit bites you.
The quasit claws you but does no damage. x2
The quasit attacks as you move away!
The quasit bites you but does no damage.
The quasit claws you but does no damage.
The quasit claws you.
* * * LOW HITPOINT WARNING * * *
The quasit bites you but does no damage.
The quasit claws you but does no damage.
The quasit claws you.
* * * LOW HITPOINT WARNING * * *
The quasit bites you.
* * * LOW HITPOINT WARNING * * *
The quasit claws you.
* * * LOW HITPOINT WARNING * * *
You feel clumsy.
The quasit claws you but does no damage.
The quasit attacks as you move away! The quasit barely misses you. x2
The quasit claws you but does no damage.
The quasit bites you.
* * * LOW HITPOINT WARNING * * *
The quasit claws you but does no damage. x2
The quasit bites you but does no damage.
The quasit claws you but does no damage. x2
The quasit bites you.
* * * LOW HITPOINT WARNING * * *
You feel clumsy.
The quasit claws you but does no damage. x2
The quasit bites you but does no damage.
The quasit claws you.
You die...

≈≈..............~≈#
≈)............#..≈#
#.#≈###≈≈#≈####.~≈#
).))≈≈≈≈≈~≈~≈≈#.~≈#
.)≈≈≈≈≈≈≈≈≈≈≈≈#.~≈#
~≈≈≈≈≈≈≈≈≈≈≈≈≈#.~≈#
≈≈≈≈≈≈≈≈≈≈≈≈≈≈#..≈#
≈≈≈≈≈≈≈≈≈≈≈≈≈≈#.5≈#
≈≈≈≈≈≈≈≈≈≈≈≈≈≈#.@~#
###############.~~###############
~≈≈≈≈≈~≈≈~~≈~~#.~≈~~≈≈≈~≈≈≈≈≈~≈≈≈
~≈~≈≈≈≈≈≈≈≈≈≈≈≈.≈)≈~~~~~~.~~≈.~~~
~~≈≈≈≈≈≈≈≈≈≈≈≈#..)...............
##############################.##
##..)# #..... #..∩..


You could see a quasit.

Vanquished Creatures
  2 kobold brigands (Sewer)
  An orc priest (D:3)
  2 adders (D:2)
  A shadow imp (Sewer)
  7 ufetubi
  An adder zombie (Sewer)
  3 dart slugs
  4 orcs (D:3)
  8 bats
  4 endoplasms
  2 giant cockroaches
  2 hobgoblins
  9 jackals
  4 quokkas
  7 ball pythons
  3 frilled lizards
  8 goblins
  28 kobolds
  A kobold zombie (Sewer)
  7 rats
104 creatures vanquished.

Vanquished Creatures (others)
  A kobold zombie (Sewer)
1 creature vanquished.

Grand Total: 105 creatures vanquished

Notes
Turn   | Place    | Note
-------+----------+-------------------------------------------
     0 | D:1      | purpskrrrp the Vampire Brigand began the quest for the Orb.
     0 | D:1      | Reached XP level 1. HP: 16/16 MP: 1/1
    81 | D:1      | Reached skill level 6 in Stealth
   181 | D:1      | Reached XP level 2. HP: 22/22 MP: 2/2
   509 | D:2      | Gained mutation: You are afflicted with vampirism and can
                  | become a bat while bloodless. [Vampire growth]
   509 | D:2      | Reached XP level 3. HP: 27/27 MP: 3/3
   620 | D:2      | Reached skill level 7 in Stealth
   857 | D:2      | Found an ornate altar of the Wu Jian Council.
  1046 | D:2      | Reached XP level 4. HP: 26/26 MP: 4/4
  1602 | D:2      | Became a worshipper of the Wu Jian Council
  1615 | D:2      | Gained mutation: Your flesh is cold resistant. (rC+)
                  | [potion of mutation]
  1615 | D:2      | Gained mutation: Your flesh is very cold resistant. (rC++)
                  | [potion of mutation]
  1858 | D:3      | Found a sparkling altar of Nemelex Xobeh.
  1903 | D:3      | Found a shadowy altar of Dithmenos.
  1912 | D:3      | Reached skill level 8 in Stealth
  2222 | D:3      | Reached XP level 5. HP: 25/30 MP: 5/5
  2440 | D:4      | Noticed a phantom
  2459 | D:4      | Noticed an ogre
  2477 | D:4      | Noticed Ijyb
  2691 | D:4      | Found a glowing drain.
  2701 | Sewer    | Entered a sewer
  2733 | Sewer    | Reached * piety under Wu Jian
  2898 | Sewer    | Found a burning altar of Makhleb.
  3199 | Sewer    | Reached skill level 9 in Stealth
  3199 | Sewer    | Reached XP level 6. HP: 35/35 MP: 6/6
  3358 | Sewer    | Noticed Grinder
  3478 | Sewer    | Lost mutation: Your flesh is very cold resistant. (rC++)
                  | [potion of mutation]
  3478 | Sewer    | Lost mutation: Your flesh is cold resistant. (rC+) [potion
                  | of mutation]
  3478 | Sewer    | Gained mutation: You are vulnerable to heat. (rF-) [potion
                  | of mutation]
  3478 | Sewer    | Gained mutation: You are frail. (-10% HP) [potion of
                  | mutation]
  3478 | Sewer    | Gained mutation: You expend magic power (3 MP) to
                  | strengthen your wands. [potion of mutation]
  3487 | Sewer    | Paralysed by Grinder for 3 turns
  3507 | Sewer    | Paralysed by Grinder for 5 turns
  3988 | Sewer    | Lost dexterity.
  4112 | Sewer    | HP: 1/30 [quasit (3)]
  4113 | Sewer    | Slain by a quasit

Illustrated notes

Levels and vault maps discovered:
D:1:      dpeg_arrival_subterranean_lakeside_camping, layout_basic
D:2:      layout_basic, basic_altar, grunt_ministairs_13
D:3:      layout_basic, old_standard_altar, nicolae_dithmenos_shadow_blocks
D:4:      layout_basic, nicolae_overflow_two_pavilions,
          cheibrodos_sewer_entry_drain, minmay_vboxes, uniq_ijyb
Sewer:    kennysheep_sewer_church

Skill      XL: |  1  2  3  4  5 |
---------------+----------------+-----
Stealth        | 6 7 8 9 |  9.3
Dodging        | 2 3 |  3.5
Short Blades   | 3 4 |  4.1
Fighting       | |  1.7
Throwing       | |  1.5

Action                   |  1- 3 |  4- 6 || total
-------------------------+-------+-------++-------
Melee: Dagger            |    91 |   317 ||   408
       Bite              |     6 |    20 ||    26
       Punch             |       |     2 ||     2
Throw: Dart              |       |    40 ||    40
Invok: Lunge             |       |    12 ||    12
       Whirlwind         |       |     4 ||     4
 Abil: Exsanguinate      |     1 |       ||     1
Evoke: Wand              |       |     4 ||     4
  Use: Scroll            |     2 |    10 ||    12
       Potion            |       |     6 ||     6
 Stab: Sleeping          |    22 |    22 ||    44
       Distracted        |       |     1 ||     1
Armor: Robe              |    10 |   198 ||   208
Dodge: Dodged            |    36 |   325 ||   361

Table legend: (Time is in decaauts)
 A = Elapsed time spent in this place.
 B = Non-inter-level travel time spent in this place.
 C = Inter-level travel time spent in this place.
 D = Time resting spent in this place.
 E = Time spent auto-exploring this place.
 F = Levels seen in this place.
 G = Mean time per level.
                   A        B        C        D        E       F      G
               +--------+--------+--------+--------+--------+-----+--------+
         Total |   4083 |   3947 |    136 |    850 |   1904 |   5 |  816.6 |
       Dungeon |   2678 |   2542 |    136 |    316 |   1690 |   4 |  669.5 |
         Sewer |   1405 |   1405 |      0 |    534 |    214 |   1 | 1405.0 |
               +--------+--------+--------+--------+--------+-----+--------+

Top non-repeatable levels by time:
   Sewer: 1405 daAuts
     D:2: 1104 daAuts
     D:3: 949 daAuts
     D:1: 499 daAuts
     D:4: 125 daAuts
